Unix NetHack Version 3.7.0-84 Work-in-progress - last build May 8 2023 02:49:33 (a521f9c9ba282fe1dbcfd9214424a180692735d4,branch:master). Game began 2023-05-21 08:42:27, ended 2023-05-21 08:59:33. DoktorL, lawful female human Valkyrie -------- ------ --------- .......| |.....##### |.......| |..)...| |....| ####......... |......| ----|- ---------------- # |.......| #...[...| # ###..._.....*.....-###### |.......- #|...>..| # # |..[...........| # #|.......| ----- #------|- # # |..`..........u| # #------|--# |...| ## ## ---.- 0###......[.......n@a################# ###|<..|####### # |...-#### ---------------.# ###############|....##### # |...|### ## ## #-----# -.-.- |...-# ############ |...| ----- ##### |..)| # |...| # |...| ###....| ----- DoktorL the Fighter St:13 Dx:16 Co:18 In:9 Wi:9 Ch:8 Lawful S:3840 Dlvl:5 $:108 HP:0(65) Pw:18(18) AC:4 Xp:7/797 T:4143 Latest messages: The dust vortex engulfs you! You can't see in here! You hit the dust vortex. You destroy the dust vortex! You try to feel what is lying here on the floor. You feel here a red gem. The wood nymph vanishes and reappears farther away. You can see again. You hit the human zombie. The human zombie hits! You miss the human zombie. You hit the human zombie. You hit the human zombie. You destroy the human zombie! The giant ant bites! The giant ant misses! The giant ant bites! The black unicorn butts! The black unicorn misses! The giant ant bites! The black unicorn misses! The black unicorn kicks! You hit the wood nymph. The wood nymph pretends to be friendly. The wood nymph pretends to be friendly. The giant ant misses! The black unicorn butts! The black unicorn kicks! You hit the wood nymph. The giant ant bites! The black unicorn butts! The black unicorn misses! You hit the wood nymph. The wood nymph pretends to be friendly. The wood nymph charms you. You gladly start removing your mail. The giant ant bites! The black unicorn butts! The black unicorn kicks! The giant ant just misses! The black unicorn butts! The black unicorn kicks! The wood nymph charms you. You gladly start removing your shoes. The wood nymph charms you. You gladly start removing your shield. The giant ant bites! The black unicorn butts! The black unicorn kicks! The black unicorn butts! You die... Do you want your possessions identified? [ynq] (y) Do you want to see your attributes? [ynq] (y) Inventory: Coins $ - 108 gold pieces Weapons b - a +0 dagger a - a +1 spear (weapon in hand) Armor S - an uncursed +0 pair of iron shoes g - an uncursed +0 pair of jumping boots c - an uncursed +3 small shield W - an uncursed +0 mummy wrapping e - an uncursed +0 splint mail Comestibles s - 2 cursed rotten tins of giant bat meat Potions X - an uncursed potion of healing Wands K - a wand of create monster (0:12) v - a wand of create monster (0:11) L - a wand of digging (0:7) Tools t - an uncursed sack containing 11 items k - a bag of tricks (0:3) Contents of the sack: 2 blessed scrolls of blank paper an uncursed scroll of blank paper an uncursed scroll of confuse monster an uncursed scroll of destroy armor an uncursed scroll of earth 3 uncursed scrolls of remove curse an uncursed spellbook of magic missile a cursed potion of gain ability an uncursed potion of levitation an uncursed potion of restore ability an uncursed potion of water DoktorL the Valkyrie's attributes: Background: You were a Fighter, a level 7 human Valkyrie. You were lawful, on a mission for Tyr who was opposed by Odin (neutral) and Loki (chaotic). You were in the Dungeons of Doom, on level 5. You entered the dungeon 4143 turns ago. There was a new moon in effect when your adventure ended. You had 797 experience points, 483 more were needed to attain level 8. Your score was 3840 before end-of-game adjustments. Basics: You had 0 out of 65 hit points. You had all 18 energy points (spell power). Your armor class was 10. Your wallet contained 108 zorkmids. Autopickup was on for '$?!=/' plus thrown. Final Characteristics: Your strength was 13 (peak:18, limit:18/100). Your dexterity was 16 (limit:18). Your constitution was 18 (limit:18). Your intelligence was 9 (limit:18). Your wisdom was 9 (limit:18). Your charisma was 8 (limit:18). Final Status: You were not hungry. You were unencumbered. You were wielding a spear. You had basic skill with spear and could have enhanced that. You were not wearing any armor. Final Attributes: You were piously aligned. You were cold resistant. You were telepathic. You were stealthy. You were fast. You are dead. Miscellaneous: You disabled loading of bones levels. Total elapsed playing time was 17 minutes and 6 seconds. Major events: Turn 1: DoktorL the lawful human Valkyrie entered the dungeon 467: attained the rank of Skirmisher (level 3) 730: entered the Gnomish Mines 1577: attained the rank of Fighter (level 6) 4143: killed by a black unicorn, while taking off clothes Vanquished creatures: a ghost a small mimic a dwarf mummy a dingo 2 dust vortices an ape a human zombie a rock piercer a rock mole a fog cloud a gnome leader a kobold mummy 2 gray oozes an elf zombie 2 paper golems 3 giant ants 3 floating eyes a kitten 3 dwarves a homunculus a kobold leader 3 rothes 3 giant bats a monkey 5 dwarf zombies 3 iguanas 2 killer bees 3 acid blobs a gas spore a giant rat a garter snake 2 geckos 3 jackals a kobold 2 goblins 3 lichens 6 newts 70 creatures vanquished. No species were genocided or became extinct. Voluntary challenges: You read items or engraved 5 times. You engraved Elbereth 4 times. You never genocided any monsters. You never polymorphed an object. You never changed form. You used no wishes. Achievements: You entered a shop. You attained the rank of Skirmisher. You entered the Gnomish Mines. You attained the rank of Fighter. The Dungeons of Doom: levels 1 to 7 Level 1: "vault" Level 2: A scroll shop. Stairs down to The Gnomish Mines. Level 3: "vult" A general store, some fountains. Level 4: A general store, a fountain, a grave. Level 5: <- You were here. An altar to Tyr. Final resting place for you, killed by a black unicorn, while taking off clothes. Level 6: Some fountains. Level 7: The Gnomish Mines: Level 3: Game over: ---------- / \ / REST \ / IN \ / PEACE \ / \ | DoktorL | | 108 Au | | killed by a | | black unicorn | | | | | | 2023 | *| * * * | * _________)/\\_//(\/(/\)/\//\/|_)_______ Farvel DoktorL the Valkyrie... You died in The Dungeons of Doom on dungeon level 5 with 3830 points, and 108 pieces of gold, after 4143 moves. You were level 7 with a maximum of 65 hit points when you died.